 Dungeon Crawl Stone Soup version 0.31.0-7-gf635a9b802 (webtiles) character file.

Game seed: 7206427031884722881

63 Arctor the Shooter (level 4, -2/26 HPs)
             Began as a Kobold Hexslinger on Jan 23, 2024.
             Slain by Pargi (3 damage)
             ... in a sewer.
             The game lasted 00:01:05 (2526 turns).

Arctor the Shooter (Kobold Hexslinger)              Turns: 2526, Time: 00:01:06

Health: -2/26      AC:  3    Str:  5    XL:     4   Next: 31%
Magic:  6/6        EV: 15    Int: 14    God:
Gold:   123        SH:  0    Dex: 19    Spells: 6/6 levels left

rFire   . . .        a - +1 sling
rCold   . . .        (no shield)
rNeg    . . .        c - +0 robe
rPois   .            (no helmet)
rElec   .            d - +0 cloak
rCorr   .            (no gloves)
SInv    .            (no boots)
Will    .....        (no amulet)
Stlth   +++          (no ring)
HPRegen 0.24/turn    (no ring)
MPRegen 0.10/turn

%: no passive effects
@: hasted, very quick
A: small, no large weapons, nightstalker 3
a: no special abilities


You were in a sewer.
You visited 1 branch of the dungeon, and saw 3 of its levels.
You also visited: Sewer.

You collected 123 gold pieces.

Inventory:

Hand Weapons
 a - a +1 sling (weapon)
Missiles
 j - 2 throwing nets
Armour
 c - a +0 robe (worn)
 d - a +0 cloak (worn)
Jewellery
 i - a ring of see invisible
 n - a ring of protection from fire
Wands
 f - a wand of iceblast (3)
Scrolls
 b - 3 scrolls of poison
 l - a scroll of identify {unknown}
 m - a scroll of enchant weapon {unknown}
Potions
 g - a potion of curing {unknown}
 h - a potion of degeneration {unknown}
 k - a potion of brilliance {unknown}
 o - 2 potions of magic {unknown}
 p - a potion of cancellation {unknown}


   Skills:
 + Level 2.0 Fighting
 + Level 3.4 Ranged Weapons
 + Level 2.9 Dodging
 + Level 1.7 Spellcasting
 + Level 3.3 Hexes
 + Level 1.7 Fire Magic


You had 6 spell levels left.
You didn't know any spells.
Your spell library contained the following spells:

 Spells                   Type           Power      Damage    Failure   Level
 Jinxbite                 Hex            20%        N/A       10%         2
 Scorch                   Fire           12%        2d5       19%         2
 Confusing Touch          Hex            10%        N/A       19%         3
 Sigil of Binding         Hex            10%        N/A       19%         3
 Kiss of Death            Conj/Necr      4%         2d5       24%         1
 Inner Flame              Hex/Fire       8%         N/A       26%         3
 Cause Fear               Hex            5%         N/A       52%         4
 Dimensional Bullseye     Hex/Tloc       2%         N/A       77%         4
 Flame Wave               Conj/Fire      3%         2d5       86%         4
 Dispel Undead            Necr           1%         3d6       94%         4
 Summon Cactus Giant      Summ           0%         N/A       100%        6


Dungeon Overview and Level Annotations

Branches:
Dungeon (3/15)              Sewer (1/1)

Altars:

Shops:
D:3 (

Annotations:
Sewer Pargi


Innate Abilities, Weirdness & Mutations

You are small and have problems with some larger weapons.
You are completely attuned to the shadows.


Message History

Pargi bites you.
Pargi claws you but does no damage. x2; Pargi bites you.
Pargi claws you. Pargi claws you but does no damage.
You shoot a sling bullet. The sling bullet closely misses Pargi.
Pargi misses you. Pargi barely misses you. Pargi claws you.
You shoot a sling bullet.
The sling bullet hits Pargi but does no damage.
Pargi is lightly wounded.
Pargi bites you. Pargi claws you but does no damage. x2
Pargi is nearby!
You are too injured to fight recklessly!
You are too injured to fight recklessly!
You are too injured to fight recklessly!
You don't know any spells.
Sorry, you're not good enough to have a special ability.
You shoot a sling bullet. The sling bullet barely misses Pargi.
Pargi barely misses you. Pargi completely misses you. Pargi claws you.
You shoot a sling bullet.
The sling bullet completely misses Pargi.
Pargi barely misses you. Pargi claws you. Pargi completely misses you.
You shoot a sling bullet. The sling bullet closely misses Pargi.
Pargi misses you.
Pargi barely misses you. x2; Pargi bites you.
* * * LOW HITPOINT WARNING * * *
Pargi closely misses you. Pargi barely misses you.
You shoot a sling bullet. The sling bullet hits Pargi!
Pargi is lightly wounded.
Pargi closely misses you. x2; Pargi claws you.
* * * LOW HITPOINT WARNING * * *
You shoot a sling bullet. The sling bullet hits Pargi.
Pargi is moderately wounded.
Pargi misses you. Pargi closely misses you. Pargi claws you.
* * * LOW HITPOINT WARNING * * *
You shoot a sling bullet. The sling bullet closely misses Pargi.
Pargi bites you.
* * * LOW HITPOINT WARNING * * *
Pargi claws you but does no damage. Pargi misses you.
It was a potion of haste.
You feel yourself speed up. Pargi completely misses you. Pargi claws you.
* * * LOW HITPOINT WARNING * * *
Pargi claws you.
You die...

#########
#∩##.##.#
#.##†##)#
#+##.##'##@##'#
.........T.)..#
~~~~.~~~~~~~~~#
≈≈≈≈∩≈≈≈≈≈≈≈≈≈#
~~~~.~~~~~~~~~#
..............#
#+##+##+#


You could see Pargi.

Vanquished Creatures
  2 adders
  A dart slug (D:2)
  A ribbon worm (D:2)
  7 ball pythons
  3 giant cockroaches
  3 goblins
  5 hobgoblins
  2 quokkas
  4 bats
  2 frilled lizards (D:2)
  7 kobolds
  6 rats
43 creatures vanquished.

Notes
Turn   | Place    | Note
-------+----------+-------------------------------------------
     0 | D:1      | Arctor the Kobold Hexslinger began the quest for the Orb.
     0 | D:1      | Reached XP level 1. HP: 12/12 MP: 2/2
    93 | D:1      | Reached XP level 2. HP: 2/16 MP: 3/3
  1219 | D:2      | Reached XP level 3. HP: 20/20 MP: 5/5
  1971 | D:3      | Reached XP level 4. HP: 16/26 MP: 6/6
  2440 | D:3      | Found Gilybecw's Antique Weapon Shop.
  2486 | D:3      | Found a glowing drain.
  2491 | Sewer    | Entered a sewer
  2507 | Sewer    | Noticed Pargi
  2526 | Sewer    | HP: 1/26 [Pargi (1)]
  2526 | Sewer    | Slain by Pargi

Illustrated notes

Levels and vault maps discovered:
D:1:      roderic_crossed_star, layout_basic
D:2:      layout_loops_corners
D:3:      kb_forest_paths, layout_basic, portal_sewer_entry_e, serial_shops,
          shop
Sewer:    kennysheep_door_sewer

Skill      XL: |  1  2  3  4 |
---------------+-------------+-----
Ranged Weapons | 3 |  3.4
Fighting       | 2 |  2.0
Dodging        | |  2.9
Spellcasting   | |  1.7
Hexes          | |  3.3
Fire Magic     | |  1.7

Action                     |  1- 3 |  4- 6 || total
---------------------------+-------+-------++-------
   Fire: Sling             |    81 |    52 ||   133
    Use: Potion            |       |     1 ||     1
 Armour: Robe              |     8 |    32 ||    40
  Dodge: Dodged            |    29 |    44 ||    73
